 Dungeon Crawl Stone Soup version 0.30-a0-3-gc9032a9cac (webtiles) character file.

Game seed: 12625963514442602778

128 BritishOli the Trooper (level 4, 0/37 HPs)
             Began as a Demonspawn Fighter on Aug 20, 2022.
             Killed from afar by Sigmund (2 damage)
             ... with a puff of flame
             ... on level 3 of the Dungeon.
             The game lasted 00:01:19 (1957 turns).

BritishOli the Trooper (Demonspawn Fighter)         Turns: 1957, Time: 00:01:20

Health: 0/37       AC:  6    Str: 18    XL:     4   Next: 87%
Magic:  4/4        EV:  9    Int: 10    God:
Gold:   105        SH:  4    Dex: 12    Spells: 3/3 levels left

rFire   + . .      SeeInvis .    a - +0 long sword
rCold   x . .      Faith    .    c - +0 buckler
rNeg    . . .      Spirit   .    b - +0 scale mail
rPois   .          Reflect  .    (no helmet)
rElec   .          Harm     .    (no cloak)
rCorr   .          Rampage  .    (no gloves)
Will    .....                    (no boots)
Stlth   ..........               (no amulet)
HPRegen 0.12/turn                m - ring of fire
MPRegen 0.09/turn                u - +4 ring of slaying

@: no status effects
A: hooves 1
a: no special abilities


You were on level 3 of the Dungeon.
You visited 1 branch of the dungeon, and saw 3 of its levels.

You collected 135 gold pieces.
You spent 30 gold pieces at shops.

Inventory:

Hand Weapons
 a - a +0 long sword (weapon)
Armour
 b - a +0 scale mail (worn)
 c - a +0 buckler (worn)
Jewellery
 m - a ring of fire (left hand)
 u - a +4 ring of slaying (right hand)
Wands
 r - a wand of iceblast (4)
Scrolls
 e - 5 scrolls of identify
 f - a scroll of fear {unknown}
 g - a scroll of magic mapping {unknown}
 h - a scroll of summoning {unknown}
 i - a scroll of acquirement {unknown}
 l - 2 scrolls of amnesia
 o - a scroll of silence {unknown}
 q - a scroll of enchant armour {unknown}
Potions
 d - a potion of might
 j - a potion of degeneration {unknown}
 k - 2 potions of curing
 n - a potion of mutation {unknown}
 p - a potion of flight {unknown}
 s - a potion of lignification {unknown}
 t - 3 potions of heal wounds {unknown}


   Skills:
 + Level 3.8 Fighting
 + Level 2.7 Long Blades
 + Level 3.4 Armour
 + Level 3.4 Shields


You had 3 spell levels left.
You didn't know any spells.
Your spell library contained the following spells:

 Spells                   Type           Power      Damage    Failure   Level
 Ensorcelled Hibernation  Hex/Ice        0%         N/A       93%         2
 Passwall                 Tmut/Erth      0%         N/A       93%         2
 Frozen Ramparts          Ice            0%         1d1       99%         3
 Swiftness                Air            0%         N/A       99%         3
 Ice Form                 Ice/Tmut       0%         N/A       100%        4
 Summon Ice Beast         Ice/Summ       0%         N/A       100%        4


Dungeon Overview and Level Annotations

Branches:
Dungeon (3/15)

Altars:

Shops:
D:1 !

Annotations:
D:3 Sigmund


Innate Abilities, Weirdness & Mutations

You have large cloven feet.


Message History

You kill the ball python!
A ball python comes into view.
The ball python hisses angrily.
Sigmund the Dreaded comes into view.
He is wielding a +0 scythe.
Found 6 gold pieces and a scroll labelled XEMPOV NA ELA.
Sigmund shouts!
The ball python bites you but does no damage.
The ball python closely misses you.
There are monsters nearby!
You slash the ball python!
You kill the ball python!
Sigmund is nearby!
Sigmund gestures at you while chanting.
You are confused.
You are too confused!
You bump into the rock wall.
Sigmund hits you from afar with a +0 scythe!
Unknown command.
You bump into the rock wall.
Sigmund hits you from afar with a +0 scythe.
You see here a scroll labelled LEETTE RERA.
You slash Sigmund! You kick Sigmund, but do no damage.
Sigmund is moderately wounded.
Sigmund gestures wildly while chanting.
Sigmund flickers and vanishes!
Deactivating autopickup; reactivate with Ctrl-A.
Something hits you!
Found 7 gold pieces.
You feel less confused.
A magic dart appears from out of thin air!
The magic dart hits you. Something hits you!
* * * LOW HITPOINT WARNING * * *
As you read the scroll labelled LEETTE RERA, it crumbles to dust.
It is a scroll of identify.
l - 2 scrolls of amnesia You hear some strange, mumbled words.
A puff of flame appears from out of thin air!
The puff of flame hits you. You resist.
You die...

.............# .#
.............# .######
.....#.##########?.....+
##.#.#.#####..........#
##.#.#.#..............+
##.#.#.#.# #..........#
##...#.#.# #.?{......$#
######.#.# #..........#
.......#.# #....@.....#
###.####.###..........#
#.....##......#....$....
#...#...........#....###
#####..######...#....#
....[..# #...#....#
.......# #..........
....>..# #..##......
.......# ... ...


There were no monsters in sight!

Vanquished Creatures
  2 orc wizards (D:3)
  2 adders (D:2)
  2 dart slugs (D:1)
  2 worms (D:3)
  4 orcs (D:3)
  4 bats
  4 endoplasms
  2 giant cockroaches (D:1)
  6 goblins
  5 hobgoblins
  2 jackals (D:3)
  6 ball pythons
  3 kobolds
  3 rats
47 creatures vanquished.

Notes
Turn   | Place    | Note
-------+----------+-------------------------------------------
     0 | D:1      | BritishOli the Demonspawn Fighter began the quest for the
                  | Orb.
     0 | D:1      | Reached XP level 1. HP: 18/18 MP: 1/1
   116 | D:1      | Gained mutation: You have large cloven feet. [demonic
                  | ancestry]
   116 | D:1      | Reached XP level 2. HP: 18/24 MP: 2/2
   745 | D:1      | Found Syst's Distillery.
   749 | D:1      | Reached XP level 3. HP: 28/29 MP: 3/3
   758 | D:1      | Bought a potion of curing for 30 gold pieces
  1594 | D:3      | Reached XP level 4. HP: 34/35 MP: 4/4
  1945 | D:3      | Noticed Sigmund
  1957 | D:3      | Killed from afar by Sigmund

Illustrated notes

Levels and vault maps discovered:
D:1:      co_arrival_two_rings, layout_rooms, serial_aquarium,
          aquarium_bridge_straight [aquarium_subvault_bridge,
          aquarium_subvault_window, aquarium_subvault_bridge,
          aquarium_subvault_wall], aquarium_window_1, aquarium_window_2,
          aquarium_window_1, aquarium_view_2d, serial_shops,
          nicolae_shop_temple_entry_statues_fountains
D:2:      layout_basic, minmay_misc_feat_four_crosses
D:3:      layout_basic, chequers_ecumenical_altar_simple, uniq_jessica,
          uniq_natasha, uniq_sigmund, uniq_ijyb

Skill      XL: |  1  2 |
---------------+-------+-----
Long Blades    | 2 |  2.7
Armour         | 3 |  3.4
Shields        | 3 |  3.4
Fighting       | |  3.8

Action                   |  1- 3 |  4- 6 || total
-------------------------+-------+-------++-------
Melee: Long sword        |   115 |    27 ||   142
       Kick              |    26 |     4 ||    30
  Use: Scroll            |       |     1 ||     1
Armor: Scale mail        |    70 |     8 ||    78
Dodge: Dodged            |    58 |    12 ||    70
Block: Buckler           |    26 |     1 ||    27

Table legend: (Time is in decaauts)
 A = Elapsed time spent in this place.
 B = Non-inter-level travel time spent in this place.
 C = Inter-level travel time spent in this place.
 D = Time resting spent in this place.
 E = Time spent auto-exploring this place.
 F = Levels seen in this place.
 G = Mean time per level.
                   A        B        C        D        E       F      G
               +--------+--------+--------+--------+--------+-----+--------+
         Total |   2002 |   1973 |     29 |    182 |   1423 |   3 |  667.3 |
       Dungeon |   2002 |   1973 |     29 |    182 |   1423 |   3 |  667.3 |
               +--------+--------+--------+--------+--------+-----+--------+

Top non-repeatable levels by time:
     D:1: 840 daAuts
     D:2: 590 daAuts
     D:3: 572 daAuts
